 Dungeon Crawl Stone Soup version 0.31-a0-986-g5e6e4ef867 (webtiles) character file.

Game seed: 5203358673176623353

192 backslashecho the Slasher (level 5, -3/41 HPs)
             Began as a Demonspawn Gladiator on Nov 11, 2023.
             Slain by an ogre
             ... wielding a +0 giant club
              (27 damage)
             ... on level 4 of the Dungeon.
             The game lasted 00:04:32 (2577 turns).

backslashecho the Slasher (Demonspawn Gladiator)    Turns: 2577, Time: 00:04:33

Health: -3/41      AC:  7    Str: 14    XL:     5   Next: 42%
Magic:  5/5        EV: 13    Int:  9    God:
Gold:   98         SH:  0    Dex: 17    Spells: 4/4 levels left

rFire   . . .        a - +0 long sword
rCold   . . .        (no shield)
rNeg    . . .        b - +0 leather armour
rPois   .            c - +0 helmet
rElec   .            (no cloak)
rCorr   .            (no gloves)
SInv    .            (no boots)
Will    .....        m - amulet of magic regeneration
Stlth   +            u - ring of wizardry
HPRegen 0.26/turn    (no ring)
MPRegen 0.49/turn

%: wizardry (x1)
@: no status effects
A: molten scales 2, foul stench 1
a: no special abilities


You were on level 4 of the Dungeon.
You visited 1 branch of the dungeon, and saw 4 of its levels.

You collected 98 gold pieces.

Inventory:

Hand Weapons
 a - a +0 long sword (weapon)
 n - the +6 spear "Akois" {drain, rElec rPois Stlth+}
   (You found it on level 2 of the Dungeon)

   rElec:     It insulates you from electricity.
   rPois:     It protects you from poison Stlth+: It makes you more stealthy.
Missiles
 d - 2 throwing nets (quivered)
 e - 8 javelins
 k - 10 poisoned darts
Armour
 b - a +0 leather armour (worn)
 c - a +0 helmet (worn)
 q - the +1 scale mail "Zinnui" {rN++ Int-4}
   (You found it on level 2 of the Dungeon)

   Int-4:     It affects your intelligence (-4).
   rN++:      It greatly protects you from negative energy.
Jewellery
 m - an amulet of magic regeneration (around neck)
 u - a ring of wizardry (left hand)
Wands
 s - a wand of mindburst (23)
Scrolls
 g - 2 scrolls of poison {unknown}
 j - a scroll of fear {unknown}
 l - 2 scrolls of identify {unknown}
 o - a scroll of amnesia {unknown}
 p - 2 scrolls of teleportation {unknown}
 t - a scroll of brand weapon {unknown}
 v - a scroll of noise {unknown}
 w - a scroll of enchant weapon {unknown}
Potions
 f - a potion of haste {unknown}
 h - a potion of cancellation {unknown}
 i - a potion of curing {unknown}
 r - a potion of resistance {unknown}


   Skills:
 + Level 3.5 Fighting
 + Level 3.8 Long Blades
 - Level 2.0 Throwing
 + Level 2.0 Armour
 - Level 3.0 Dodging
 - Level 1.0 Unarmed Combat


You had 4 spell levels left.
You didn't know any spells.
Your spell library was empty.

Dungeon Overview and Level Annotations

Branches:
Dungeon (4/15)
 Temple: D:4-7

Altars:

Shops:
D:1 ![?

Annotations:
D:2 1 runed translucent door, Crazy Yiuf


Innate Abilities, Weirdness & Mutations

You are mostly covered in molten scales. (AC +3)
You may rarely emit foul miasma when damaged in melee.


Message History

You kill the orc!
A hobgoblin comes into view.
The orc wizard gestures at you while chanting.
The magic dart hits you! The orc hits you with a +0 hand axe.
You emit a cloud of foul miasma!
You take 10 damage, and have 20/41 hp.
MASSIVE DAMAGE!!
The orc wizard gestures wildly while chanting.
The orc wizard flickers and vanishes!
Deactivating autopickup; reactivate with Ctrl-A.
The orc is engulfed in dark miasma.
The orc is poisoned.
The orc seems to slow down.
You hear a shout!
You hit the orc.
You kill the orc!
A magic dart appears from out of thin air!
The magic dart hits you.
You take 1 damage, and have 21/41 hp.
Throw: 12 darts (poison)
Press: ? - help, Shift-Dir - straight line, f - ogre
Aim: an ogre, wielding a +0 giant club (74% to hit)
You throw a poisoned dart.
The poisoned dart barely misses the ogre.
Aiming: Mindburst
Press: ? - help, Shift-Dir - straight line, f/p - ogre
Aim: an ogre, wielding a +0 giant club (chance to affect: 64%)
Okay, then.
Okay, then.
Unknown command.
Okay, then.
Throw: 11 darts (poison)
Press: ? - help, Shift-Dir - straight line, f/p - ogre
Aim: an ogre, wielding a +0 giant club (74% to hit)
You throw a poisoned dart. The poisoned dart hits the ogre.
You hit the ogre.
The ogre is lightly wounded.
The ogre barely misses you.
You hit the ogre.
The ogre is moderately wounded.
The ogre misses you.
You hit the ogre.
The ogre is heavily wounded.
Something hits you but does no damage.
You hit the ogre.
The ogre is severely wounded.
The ogre barely misses you. Something completely misses you.
You hit the ogre.
The ogre is severely wounded.
The ogre hits you with a +0 giant club!!
Ouch! That really hurt!
You die...

.#####.)............
......(.............
######..#..#.....#..
#..................
#.###...........#.
#.#..##.#####
#g#..#......#
#O#..#..###.#
###@#.....###.#
#....#........#
#....#.#.#...##
#....#.#.#...#
#....#.#.#...#
#....#.#.#...#
#....###'#...##.#
#...............#
#.................


You could see an ogre and a hobgoblin.

Vanquished Creatures
  An orc priest (D:3)
  3 orc wizards
  An adder (D:4)
  3 dart slugs
  9 orcs
  3 ball pythons
  4 bats
  4 endoplasms
  3 giant cockroaches (D:1)
  5 hobgoblins
  8 kobolds
  3 quokkas
  5 frilled lizards
  7 goblins
  4 rats
63 creatures vanquished.

Notes
Turn   | Place    | Note
-------+----------+-------------------------------------------
     0 | D:1      | backslashecho the Demonspawn Gladiator began the quest for
                  | the Orb.
     0 | D:1      | Reached XP level 1. HP: 16/16 MP: 1/1
    22 | D:1      | Found Denezifos's Magic Scroll Boutique.
    67 | D:1      | Found Laasteot's Armour Emporium.
   149 | D:1      | Gained mutation: You may rarely emit foul miasma when
                  | damaged in melee. [demonic ancestry]
   149 | D:1      | Reached XP level 2. HP: 16/22 MP: 2/2
   315 | D:1      | Found Tong's Distillery.
   595 | D:1      | Gained mutation: You are partially covered in molten
                  | scales. (AC +2) [demonic ancestry]
   595 | D:1      | Reached XP level 3. HP: 28/28 MP: 3/3
   619 | D:1      | Reached skill level 1 in Unarmed Combat
   976 | D:2      | Identified the +6 spear "Akois" {drain, rElec rPois Stlth+}
  1042 | D:2      | Found a faded altar of an unknown god.
  1217 | D:2      | Identified the +1 scale mail "Zinnui" {rN++ Int-4}
  1464 | D:2      | Found a runed translucent door.
  1465 | D:2      | Noticed Crazy Yiuf
  1772 | D:3      | Reached skill level 1 in Armour
  1772 | D:3      | Reached XP level 4. HP: 23/34 MP: 4/4
  1902 | D:3      | Gained mutation: You are mostly covered in molten scales.
                  | (AC +3) [demonic ancestry]
  1902 | D:3      | Reached XP level 5. HP: 20/41 MP: 5/5
  2558 | D:4      | Noticed an ogre
  2577 | D:4      | Slain by an ogre

Illustrated notes

Levels and vault maps discovered:
D:1:      minmay_arrival_diagonal_passages, layout_loops_ring, serial_shops,
          shop, shop, shop, minmay_misc_feat_plants
D:2:      layout_basic, nicolae_ecumenical_lake_church, uniq_crazy_yiuf_cottage
D:3:      layout_rooms, serial_corexii_hall, chequers_hall_statues_corner_a,
          chequers_hall_statues_wall_a
D:4:      layout_basic

Skill      XL: |  1  2  3  4  5 |
---------------+----------------+-----
Throwing       | 2 |  2.0
Long Blades    | 3 |  3.8
Dodging        | 3 |  3.0
Unarmed Combat | 1 |  1.0
Armour         | 1 2 |  2.0
Fighting       | 3 |  3.5

Action                     |  1- 3 |  4- 6 || total
---------------------------+-------+-------++-------
  Melee: Long sword        |   137 |    50 ||   187
         Punch             |     3 |       ||     3
  Throw: Dart              |       |     2 ||     2
         Throwing net      |       |     1 ||     1
   Stab: Held in net/web   |       |     1 ||     1
 Armour: Leather armour    |    74 |    33 ||   107
  Dodge: Dodged            |    79 |    22 ||   101

Table legend: (Time is in decaauts)
 A = Elapsed time spent in this place.
 B = Non-inter-level travel time spent in this place.
 C = Inter-level travel time spent in this place.
 D = Time resting spent in this place.
 E = Time spent auto-exploring this place.
 F = Levels seen in this place.
 G = Mean time per level.
                   A        B        C        D        E       F      G
               +--------+--------+--------+--------+--------+-----+--------+
         Total |   2625 |   2326 |    299 |    208 |   1525 |   4 |  656.2 |
       Dungeon |   2625 |   2326 |    299 |    208 |   1525 |   4 |  656.2 |
               +--------+--------+--------+--------+--------+-----+--------+

Top non-repeatable levels by time:
     D:2: 961 daAuts
     D:1: 783 daAuts
     D:3: 716 daAuts
     D:4: 164 daAuts
